Griffins vs Admirals NSH

Created - Wednesday, December 10, 2014 at 22:03

Goals
1 2 3 OT1 SO T
Griffins 1 0 0 0 2 2
Admirals NSH 0 1 0 0 1 1
Shots
1 2 3 OT1 SO T
Griffins 15 9 7 1 5 32
Admirals NSH 8 7 5 0 5 20

1st period

1. Griffins , John Albert 11 (Mark Mancari, Adam Clendening) at 4:27 (PP)

Penalties :
Mike Blunden (MIL) for Fighting (Major) at 0:26, Zenon Konopka (GRG) for Fighting (Major) at 0:26, Nikita Nesterov (MIL) for Tripping (Minor) at 3:54, Mike Blunden (MIL) for Hooking (Minor) at 5:41, Mike Angelidis (GRG) for Tripping (Minor) at 19:15

2nd period

2. Admirals NSH , Matt Fraser 3 (Corey Tropp, Pierre-Cedric Labrie) at 14:34

Penalties :
Brody Sutter (MIL) for Elbowing (Minor) at 15:38, Pierre-Cedric Labrie (MIL) for Fighting (Major) at 17:56, Matt Marquardt (GRG) for Fighting (Major) at 17:56

3rd period

No Goal

Penalties :
David Musil (GRG) for Interference (Minor) at 8:28

Overtime #1

No Goal

Penalties :
No Penalty

Shootout

Penalty Shot by Zenon Konopka for Griffins - Shot Misses the Net
Penalty Shot by Mike Blunden for Admirals NSH - Goal!
Penalty Shot by Stephane Veilleux for Griffins - Stopped by Johan Gustafsson
Penalty Shot by Adam Cracknell for Admirals NSH - Stopped by Jeff Deslauriers
Penalty Shot by John Albert for Griffins - Goal!
Penalty Shot by Corey Tropp for Admirals NSH - Shot Misses the Net
Penalty Shot by Ben Eager for Griffins - Stopped by Johan Gustafsson
Penalty Shot by Brody Sutter for Admirals NSH - Stopped by Jeff Deslauriers
Penalty Shot by Mark Mancari for Griffins - Goal!
Penalty Shot by Frazer McLaren for Admirals NSH - Stopped by Jeff Deslauriers

Penalties :
No Penalty

Goalie Stats

Jeff Deslauriers (GRG), 19 saves from 20 shots - (0.950), W, 17-6-2, 65:00 minutes
Johan Gustafsson (MIL), 31 saves from 32 shots - (0.969), OTL, 9-21-2, 65:00 minutes

Players Stats for Griffins

Player Name              G  A  P  +/- PIM S  H  SB GA TA FO     MP     PP MP  PK MP  
------------------------------------------------------------------------------------
Adam Clendening          0  1  1   0  0   1  1  1  2  0  0/0    22:42   2:53   2:46 
Ben Eager                0  0  0   0  0   3  4  0  1  0  0/0    17:24   2:02   1:15 
Brad Hunt                0  0  0   0  0   2  0  0  0  2  0/0    21:12   1:38   1:12 
Daniel New               0  0  0  -1  0   0  1  0  0  1  0/0    17:11   0:00   0:00 
David Musil              0  0  0  -1  2   0  0  1  0  1  0/0    17:20   0:00   0:00 
Derek Meech              0  0  0   0  0   1  1  1  0  1  1/1    22:46   1:38   1:12 
Douglas Murray           0  0  0   0  0   3  6  3  0  0  0/0    26:11   2:53   2:46 
John Albert              1  0  1   0  0   2  3  0  3  0  5/11   19:49   2:05   0:52 
John McFarland           0  0  0   0  0   2  0  0  2  0  1/1    19:33   0:24   0:00 
Mark Mancari             0  1  1   0  0   4  1  0  2  0  0/0    18:39   2:29   0:00 
Matt Marquardt           0  0  0   0  5   0  0  0  1  0  2/7    16:48   0:00   0:00 
Maxim Shalunov           0  0  0   0  0   0  0  0  0  0  0/0     0:42   0:00   0:00 
Mike Angelidis           0  0  0   0  2   3  1  0  2  0  0/0    19:15   2:29   0:00 
Mitchell Heard           0  0  0   0  0   0  4  0  0  0  0/0    16:49   0:00   0:00 
Paul Thompson            0  0  0  -1  0   1  2  0  0  1  1/2    13:34   0:00   0:47 
Stephane Veilleux        0  0  0  -1  0   5  1  0  4  0  0/0    21:58   2:02   2:43 
Tyler Eckford            0  0  0   0  0   0  1  0  0  0  0/0     3:55   0:00   0:00 
Zenon Konopka            0  0  0  -1  5   5  0  0  2  1  8/11   20:10   2:02   2:19 

Players Stats for Admirals NSH

Player Name              G  A  P  +/- PIM S  H  SB GA TA FO     MP     PP MP  PK MP  
------------------------------------------------------------------------------------
Adam Cracknell           0  0  0   0  0   4  1  0  3  1  3/10   22:46   2:09   2:23 
Alexey Marchenko         0  0  0   1  0   0  0  1  0  0  0/0    22:28   1:55   0:57 
Brody Sutter             0  0  0   0  2   0  1  0  0  0  3/11   19:14   1:33   0:33 
Cameron Schilling        0  0  0   0  0   0  0  1  0  1  0/0    17:56   0:00   0:00 
Corey Tropp              0  1  1   1  0   2  1  0  4  0  1/1    16:18   2:25   0:33 
Frazer McLaren           0  0  0   0  0   1  1  0  0  0  0/0    18:30   1:33   1:09 
Frederic St. Denis       0  0  0   0  0   0  0  0  0  0  0/0     0:16   0:00   0:00 
Fredrik Claesson         0  0  0   0  0   2  1  0  1  0  0/0    25:56   2:03   3:34 
Jamie Tardif             0  0  0   0  0   3  0  2  0  1  2/2    20:29   1:03   0:00 
Jyrki Jokipakka          0  0  0   0  0   1  1  2  0  2  0/0    25:56   2:03   3:34 
Lane MacDermid           0  0  0   0  0   0  0  0  0  0  0/0     0:00   0:00   0:00 
Marcel Noebels           0  0  0   0  0   1  0  0  0  1  1/1    11:23   0:00   0:00 
Matt Fraser              1  0  1   1  0   2  1  1  3  0  0/0    19:35   1:49   1:35 
Mike Blunden             0  0  0   0  7   0  1  1  1  2  0/1    20:20   1:22   0:13 
Nikita Nesterov          0  0  0   0  2   1  2  0  0  1  0/0    17:51   0:00   0:00 
Patrick Mullen           0  0  0   1  0   1  2  0  1  2  0/0    21:28   1:55   0:57 
Pierre-Cedric Labrie     0  1  1   1  5   1  1  0  2  2  0/0    15:17   0:00   0:00 
Wade Megan               0  0  0   0  0   1  2  0  2  0  5/7    19:41   0:00   2:36 

3 Stars

1 - Johan Gustafsson (MIL)
2 - Jeff Deslauriers (GRG)
3 - Matt Fraser (MIL)

Power Play

Griffins - 1 on 3 Attempt(s) - 33.33%
Admirals NSH - 0 on 2 Attempt(s) - 0.00%

Penalty Kill

Griffins - 2 on 2 Attempt(s) - 100.00% - Score 0 goal in Penalty Kill
Admirals NSH - 2 on 3 Attempt(s) - 66.67% - Score 0 goal in Penalty Kill

Official

Referees : Unknown
Linesman : Unknown

Game Notes

Mike Blunden beats up Zenon Konopka at 0:26 of 1st period
Pierre-Cedric Labrie beats up Matt Marquardt at 17:56 of 2nd period

Finance

Level 1 -- Attendance: 1502 (75.10%) -- Ticket Income $52,570
Level 2 -- Attendance: 725 (72.50%) -- Ticket Income $10,875
Total Attendance: 2227 (74.23%)
Total Ticket Income: $63,445
Other Income: $31,088
Total Income: $94,533

Griffins

5 vs 5 Forward 
   Center                   Left Wing                Right Wing               Time % Phy DF OF 
 1 Zenon Konopka            Stephane Veilleux        Ben Eager                35     1   2  2  
 2 John Albert              Mike Angelidis           Mark Mancari             30     1   2  2  
 3 Matt Marquardt           Mitchell Heard           John McFarland           22     1   2  2  
 4 Zenon Konopka            Stephane Veilleux        Paul Thompson            13     1   2  2  

5 vs 5 Defense 
   Defense                  Defense                                           Time % Phy DF OF 
 1 Douglas Murray           Adam Clendening                                   35     1   2  2  
 2 Brad Hunt                Derek Meech                                       30     1   2  2  
 3 David Musil              Daniel New                                        22     1   2  2  
 4 Tyler Eckford            Douglas Murray                                    13     1   2  2  

PowerPlay Forward 
   Center                   Left Wing                Right Wing               Time % Phy DF OF 
 1 Zenon Konopka            Stephane Veilleux        Ben Eager                60     1   2  2  
 2 John Albert              Mike Angelidis           Mark Mancari             40     1   2  2  

PowerPlay Defense
   Defense                  Defense                                           Time % Phy DF OF 
 1 Douglas Murray           Adam Clendening                                   60     1   2  2  
 2 Brad Hunt                Derek Meech                                       40     1   2  2  

Penalty Kill 4 Players Forward 
   Center                   Wing                     Time % Phy DF OF 
 1 Zenon Konopka            Stephane Veilleux        60     1   2  2  
 2 John Albert              Ben Eager                40     1   2  2  

Penalty Kill 4 Players Defense
   Defense                  Defense                  Time % Phy DF OF 
 1 Douglas Murray           Adam Clendening          60     1   2  2  
 2 Brad Hunt                Derek Meech              40     1   2  2  

Penalty Kill - 3 Players Forward 
   Forward                                           Time % Phy DF OF 
 1 Zenon Konopka                                     60     1   2  2  
 2 Stephane Veilleux                                 40     1   2  2  

Penalty Kill - 3 Players Defense
   Defense                  Defense                  Time % Phy DF OF 
 1 Douglas Murray           Adam Clendening          60     1   2  2  
 2 Brad Hunt                Derek Meech              40     1   2  2  

4 vs 4 Forward 
   Center                   Wing                     Time % Phy DF OF 
 1 Zenon Konopka            Stephane Veilleux        60     1   2  2  
 2 John Albert              Ben Eager                40     1   2  2  

4 vs 4 Defense
   Defense                  Defense                  Time % Phy DF OF 
 1 Douglas Murray           Adam Clendening          60     1   2  2  
 2 Brad Hunt                Derek Meech              40     1   2  2  

Last Minutes Offensive
   Center                   Left Wing                Right Wing               Defense                  Defense                  
   Zenon Konopka            Stephane Veilleux        Ben Eager                Douglas Murray           Adam Clendening          

Last Minutes Defensive
   Center                   Left Wing                Right Wing               Defense                  Defense                  
   Zenon Konopka            Stephane Veilleux        Ben Eager                Douglas Murray           Adam Clendening          

Goaltenders
Starting : Jeff Deslauriers         
Backup : Joe Cannata              

Extra Forwards
Normal : John McFarland, Matt Marquardt, Paul Thompson - PP : John McFarland, Matt Marquardt - PK : Paul Thompson
Extra Defensemen
Normal : David Musil, Daniel New, Tyler Eckford - PP : David Musil - PK : Daniel New, Tyler Eckford
Penalty Shots
Zenon Konopka, Stephane Veilleux, John Albert, Ben Eager, Mark Mancari

Admirals NSH

5 vs 5 Forward 
   Center                   Left Wing                Right Wing               Time % Phy DF OF 
 1 Adam Cracknell           Mike Blunden             Corey Tropp              28     1   2  2  
 2 Brody Sutter             Frazer McLaren           Matt Fraser              28     1   2  2  
 3 Wade Megan               Pierre-Cedric Labrie     Jamie Tardif             22     1   2  2  
 4 Adam Cracknell           Marcel Noebels           Mike Blunden             22     1   2  2  

5 vs 5 Defense 
   Defense                  Defense                                           Time % Phy DF OF 
 1 Fredrik Claesson         Jyrki Jokipakka                                   30     1   2  2  
 2 Patrick Mullen           Alexey Marchenko                                  28     1   2  2  
 3 Nikita Nesterov          Cameron Schilling                                 21     1   2  2  
 4 Fredrik Claesson         Jyrki Jokipakka                                   21     1   2  2  

PowerPlay Forward 
   Center                   Left Wing                Right Wing               Time % Phy DF OF 
 1 Adam Cracknell           Mike Blunden             Corey Tropp              60     1   2  2  
 2 Brody Sutter             Frazer McLaren           Matt Fraser              40     1   2  2  

PowerPlay Defense
   Defense                  Defense                                           Time % Phy DF OF 
 1 Fredrik Claesson         Jyrki Jokipakka                                   60     1   2  2  
 2 Patrick Mullen           Alexey Marchenko                                  40     1   2  2  

Penalty Kill 4 Players Forward 
   Center                   Wing                     Time % Phy DF OF 
 1 Mike Blunden             Adam Cracknell           60     1   2  2  
 2 Corey Tropp              Brody Sutter             40     1   2  2  

Penalty Kill 4 Players Defense
   Defense                  Defense                  Time % Phy DF OF 
 1 Fredrik Claesson         Jyrki Jokipakka          60     1   2  2  
 2 Patrick Mullen           Alexey Marchenko         40     1   2  2  

Penalty Kill - 3 Players Forward 
   Forward                                           Time % Phy DF OF 
 1 Mike Blunden                                      60     1   2  2  
 2 Adam Cracknell                                    40     1   2  2  

Penalty Kill - 3 Players Defense
   Defense                  Defense                  Time % Phy DF OF 
 1 Fredrik Claesson         Jyrki Jokipakka          60     1   2  2  
 2 Patrick Mullen           Alexey Marchenko         40     1   2  2  

4 vs 4 Forward 
   Center                   Wing                     Time % Phy DF OF 
 1 Mike Blunden             Adam Cracknell           60     1   2  2  
 2 Corey Tropp              Brody Sutter             40     1   2  2  

4 vs 4 Defense
   Defense                  Defense                  Time % Phy DF OF 
 1 Fredrik Claesson         Jyrki Jokipakka          60     1   2  2  
 2 Patrick Mullen           Alexey Marchenko         40     1   2  2  

Last Minutes Offensive
   Center                   Left Wing                Right Wing               Defense                  Defense                  
   Adam Cracknell           Mike Blunden             Corey Tropp              Fredrik Claesson         Jyrki Jokipakka          

Last Minutes Defensive
   Center                   Left Wing                Right Wing               Defense                  Defense                  
   Adam Cracknell           Mike Blunden             Corey Tropp              Fredrik Claesson         Jyrki Jokipakka          

Goaltenders
Starting : Johan Gustafsson         
Backup : Jeremy Smith             

Extra Forwards
Normal : Jamie Tardif, Pierre-Cedric Labrie, Wade Megan - PP : Jamie Tardif, Pierre-Cedric Labrie - PK : Wade Megan
Extra Defensemen
Normal : Nikita Nesterov, Cameron Schilling, Patrick Mullen - PP : Nikita Nesterov - PK : Cameron Schilling, Patrick Mullen
Penalty Shots
Mike Blunden, Adam Cracknell, Corey Tropp, Brody Sutter, Frazer McLaren

% Time on Ice - Griffins

Lines # - Real PCT - Wanted PCT - Time Play
Normal Forward
1 - 23% - 35% - 11:43
2 - 31% - 30% - 16:10
3 - 32% - 22% - 16:39
4 - 14% - 13% - 6:59
Normal Defense
1 - 28% - 35% - 14:21
2 - 31% - 30% - 16:04
3 - 33% - 22% - 17:11
4 - 8% - 13% - 3:55
PP Forward
1 - 45% - 60% - 2:02
2 - 55% - 40% - 2:29
PP Defense
1 - 64% - 60% - 2:53
2 - 36% - 40% - 1:38
PK Forward
1 - 100% - 60% - 3:58
2 - 0% - 40% - 0:00
PK Defense
1 - 70% - 60% - 2:46
2 - 30% - 40% - 1:12
PK3 Forward
1 - 0% - 60%
2 - 0% - 40%
PK3 Defense
1 - 0% - 60%
2 - 0% - 40%
44 Forward
1 - 100% - 60% - 5:00
2 - 0% - 40% - 0:00
44 Defense
1 - 54% - 60% - 2:42
2 - 46% - 40% - 2:18
Last Minute Offensive  - 0:00
Last Minute Defensive  - 0:00
Total
Forward - 65:00
Defense - 65:00

% Time on Ice - Admirals NSH

Lines # - Real PCT - Wanted PCT - Time Play
Normal Forward
1 - 25% - 28% - 12:53
2 - 26% - 28% - 13:32
3 - 27% - 22% - 13:59
4 - 22% - 22% - 11:07
Normal Defense
1 - 22% - 30% - 11:22
2 - 33% - 28% - 16:45
3 - 34% - 21% - 17:36
4 - 11% - 21% - 5:48
PP Forward
1 - 61% - 60% - 2:25
2 - 39% - 40% - 1:33
PP Defense
1 - 52% - 60% - 2:03
2 - 48% - 40% - 1:55
PK Forward
1 - 88% - 60% - 3:58
2 - 12% - 40% - 0:33
PK Defense
1 - 79% - 60% - 3:34
2 - 21% - 40% - 0:57
PK3 Forward
1 - 0% - 60%
2 - 0% - 40%
PK3 Defense
1 - 0% - 60%
2 - 0% - 40%
44 Forward
1 - 86% - 60% - 4:19
2 - 14% - 40% - 0:41
44 Defense
1 - 63% - 60% - 3:09
2 - 37% - 40% - 1:51
Last Minute Offensive  - 0:00
Last Minute Defensive  - 0:00
Total
Forward - 65:00
Defense - 65:00

Play by Play

1st period


0:01 of 1st period - Zenon Konopka wins face-off versus Adam Cracknell in neutral zone.
0:26 of 1st period - Mike Blunden beats up Zenon Konopka.
0:26 of 1st period - Penalty to Mike Blunden for Fighting.
0:26 of 1st period - Penalty to Zenon Konopka for Fighting.
0:27 of 1st period - Brody Sutter wins face-off versus John Albert in neutral zone.
1:25 of 1st period - Snap shot by Pierre-Cedric Labrie.
1:25 of 1st period - Shot Blocked by Derek Meech.
1:27 of 1st period - Slapshot by Nikita Nesterov.
1:27 of 1st period - Stopped by Jeff Deslauriers without a rebound.
1:28 of 1st period - Jamie Tardif wins face-off versus Matt Marquardt in Griffins zone.
1:46 of 1st period - Off-side.
1:47 of 1st period - John McFarland wins face-off versus Adam Cracknell in neutral zone.
2:13 of 1st period - Snap shot by John McFarland.
2:13 of 1st period - Shot Blocked by Jamie Tardif.
2:15 of 1st period - Snap shot by Stephane Veilleux.
2:15 of 1st period - Stopped by Johan Gustafsson without a rebound.
2:16 of 1st period - John Albert wins face-off versus Brody Sutter in Admirals NSH zone.
3:18 of 1st period - Snap shot by Ben Eager.
3:18 of 1st period - Shot Misses the Net.
3:20 of 1st period - Wrist shot by Stephane Veilleux.
3:20 of 1st period - Shot Misses the Net.
3:40 of 1st period - Wrist shot by Paul Thompson.
3:40 of 1st period - Stopped by Johan Gustafsson with a rebound.
3:42 of 1st period - Slapshot by Brad Hunt.
3:42 of 1st period - Shot Misses the Net.
3:54 of 1st period - Minor Penalty to Nikita Nesterov for Tripping.
3:55 of 1st period - Wade Megan wins face-off versus John Albert in Admirals NSH zone.
4:10 of 1st period - Douglas Murray is hit by Wade Megan and loses puck.
4:27 of 1st period - Slapshot by John Albert.
4:27 of 1st period - Goal by John Albert - Griffins : 1 - Admirals NSH : 0.
4:28 of 1st period - Matt Marquardt wins face-off versus Brody Sutter in neutral zone.
5:17 of 1st period - David Musil is hit by Jyrki Jokipakka and loses puck.
5:38 of 1st period - Slapshot by Stephane Veilleux.
5:38 of 1st period - Deflect By Pierre-Cedric Labrie.
5:38 of 1st period - Shot Blocked by Alexey Marchenko.
5:38 of 1st period - Puck is out of play.
5:39 of 1st period - Adam Cracknell wins face-off versus John Albert in Admirals NSH zone.
5:41 of 1st period - Minor Penalty to Mike Blunden for Hooking.
5:42 of 1st period - Zenon Konopka wins face-off versus Wade Megan in Admirals NSH zone.
6:28 of 1st period - Slapshot by Douglas Murray.
6:28 of 1st period - Shot Misses the Net.
6:30 of 1st period - Slapshot by Adam Clendening.
6:30 of 1st period - Shot Misses the Net.
7:41 of 1st period - Penalty to Mike Blunden is over, Mike Blunden is back on ice.
7:42 of 1st period - Wrist shot by Mark Mancari.
7:42 of 1st period - Stopped by Johan Gustafsson without a rebound.
7:43 of 1st period - John Albert wins face-off versus Brody Sutter in Admirals NSH zone.
8:29 of 1st period - Wrist shot by John McFarland.
8:29 of 1st period - Shot Misses the Net.
8:31 of 1st period - Snap shot by Daniel New.
8:31 of 1st period - Shot Blocked by Jamie Tardif.
9:25 of 1st period - Snap shot by Matt Fraser.
9:25 of 1st period - Shot Misses the Net.
11:13 of 1st period - Snap shot by Jamie Tardif.
11:13 of 1st period - Stopped by Jeff Deslauriers with a rebound.
11:23 of 1st period - Douglas Murray is hit by Mike Blunden and loses puck.
11:34 of 1st period - Snap shot by Mike Blunden.
11:34 of 1st period - Shot Blocked by Adam Clendening.
11:36 of 1st period - Slapshot by Patrick Mullen.
11:36 of 1st period - Stopped by Jeff Deslauriers with a rebound.
11:48 of 1st period - Matt Marquardt is hit by Frazer McLaren and loses puck.
12:39 of 1st period - Slapshot by Stephane Veilleux.
12:39 of 1st period - Stopped by Johan Gustafsson with a rebound.
12:41 of 1st period - Wrist shot by Zenon Konopka.
12:41 of 1st period - Shot Misses the Net.
12:43 of 1st period - Wrist shot by Stephane Veilleux.
12:43 of 1st period - Stopped by Johan Gustafsson with a rebound.
12:45 of 1st period - Wrist shot by Zenon Konopka.
12:45 of 1st period - Shot Blocked by Cameron Schilling.
13:13 of 1st period - Alexey Marchenko is hit by John Albert and loses puck.
13:24 of 1st period - Matt Fraser is hit by Ben Eager and loses puck.
13:45 of 1st period - Snap shot by Pierre-Cedric Labrie.
13:45 of 1st period - Shot Misses the Net.
13:47 of 1st period - Wrist shot by Jamie Tardif.
13:47 of 1st period - Stopped by Jeff Deslauriers with a rebound.
13:49 of 1st period - Slapshot by Fredrik Claesson.
13:49 of 1st period - Stopped by Jeff Deslauriers with a rebound.
13:51 of 1st period - Snap shot by Wade Megan.
13:51 of 1st period - Stopped by Jeff Deslauriers with a rebound.
14:08 of 1st period - John Albert is hit by Fredrik Claesson and loses puck.
14:13 of 1st period - Wrist shot by Matt Fraser.
14:13 of 1st period - Stopped by Jeff Deslauriers with a rebound.
14:15 of 1st period - Slapshot by Fredrik Claesson.
14:15 of 1st period - Stopped by Jeff Deslauriers with a rebound.
14:31 of 1st period - Wrist shot by Zenon Konopka.
14:31 of 1st period - Stopped by Johan Gustafsson with a rebound.
14:33 of 1st period - Backhand shot by Derek Meech.
14:33 of 1st period - Stopped by Johan Gustafsson with a rebound.
14:35 of 1st period - Slapshot by Derek Meech.
14:35 of 1st period - Shot Misses the Net.
14:57 of 1st period - Slapshot by Zenon Konopka.
14:57 of 1st period - Deflect By Ben Eager.
14:57 of 1st period - Stopped by Johan Gustafsson with a rebound.
14:59 of 1st period - Slapshot by Douglas Murray.
14:59 of 1st period - Stopped by Johan Gustafsson with a rebound.
15:01 of 1st period - Slapshot by Zenon Konopka.
15:01 of 1st period - Stopped by Johan Gustafsson with a rebound.
15:05 of 1st period - Snap shot by Ben Eager.
15:05 of 1st period - Stopped by Johan Gustafsson with a rebound.
15:37 of 1st period - Off-side.
15:38 of 1st period - Wade Megan wins face-off versus Paul Thompson in neutral zone.
16:02 of 1st period - Icing by Patrick Mullen.
16:03 of 1st period - Zenon Konopka wins face-off versus Brody Sutter in Admirals NSH zone.
16:16 of 1st period - Douglas Murray is hit by Patrick Mullen and loses puck.
17:07 of 1st period - Adam Cracknell is hit by Paul Thompson and loses puck.
17:57 of 1st period - Snap shot by John McFarland.
17:57 of 1st period - Shot Blocked by Jyrki Jokipakka.
18:52 of 1st period - Snap shot by Mark Mancari.
18:52 of 1st period - Stopped by Johan Gustafsson with a rebound.
18:54 of 1st period - Wrist shot by Derek Meech.
18:54 of 1st period - Shot Misses the Net.
18:56 of 1st period - Snap shot by Douglas Murray.
18:56 of 1st period - Stopped by Johan Gustafsson with a rebound.
18:58 of 1st period - Slapshot by Mike Angelidis.
18:58 of 1st period - Stopped by Johan Gustafsson without a rebound.
18:59 of 1st period - Derek Meech wins face-off versus Brody Sutter in Admirals NSH zone.
19:15 of 1st period - Minor Penalty to Mike Angelidis for Tripping.
19:16 of 1st period - Zenon Konopka wins face-off versus Adam Cracknell in Griffins zone.
Goals for this period are 1 for Griffins vs 0 for Admirals NSH.
Shots for this period are 15 for Griffins vs 8 for Admirals NSH.

2nd period


0:01 of 2nd period - Zenon Konopka wins face-off versus Adam Cracknell in neutral zone.
0:24 of 2nd period - Snap shot by Adam Cracknell.
0:24 of 2nd period - Stopped by Jeff Deslauriers with a rebound.
0:26 of 2nd period - Slapshot by Jyrki Jokipakka.
0:26 of 2nd period - Shot Misses the Net.
0:28 of 2nd period - Snap shot by Mike Blunden.
0:28 of 2nd period - Shot Blocked by Douglas Murray.
0:30 of 2nd period - Wrist shot by Adam Cracknell.
0:30 of 2nd period - Stopped by Jeff Deslauriers with a rebound.
0:32 of 2nd period - Slapshot by Jyrki Jokipakka.
0:32 of 2nd period - Deflect By Douglas Murray.
0:32 of 2nd period - Stopped by Jeff Deslauriers without a rebound.
0:33 of 2nd period - Zenon Konopka wins face-off versus Brody Sutter in Griffins zone.
0:44 of 2nd period - Snap shot by Stephane Veilleux.
0:44 of 2nd period - Shot Misses the Net.
1:15 of 2nd period - Penalty to Mike Angelidis is over, Mike Angelidis is back on ice.
1:54 of 2nd period - Snap shot by Pierre-Cedric Labrie.
1:54 of 2nd period - Stopped by Jeff Deslauriers without a rebound.
1:55 of 2nd period - Jamie Tardif wins face-off versus Matt Marquardt in Griffins zone.
2:20 of 2nd period - Snap shot by Jamie Tardif.
2:20 of 2nd period - Shot Misses the Net.
2:32 of 2nd period - Wrist shot by John McFarland.
2:32 of 2nd period - Stopped by Johan Gustafsson with a rebound.
3:03 of 2nd period - Frazer McLaren is hit by Douglas Murray.
4:14 of 2nd period - Slapshot by Adam Cracknell.
4:14 of 2nd period - Stopped by Jeff Deslauriers with a rebound.
4:16 of 2nd period - Wrist shot by Corey Tropp.
4:16 of 2nd period - Shot Misses the Net.
5:17 of 2nd period - Derek Meech is hit by Corey Tropp and loses puck.
5:22 of 2nd period - Wrist shot by Corey Tropp.
5:22 of 2nd period - Stopped by Jeff Deslauriers with a rebound.
5:24 of 2nd period - Slapshot by Fredrik Claesson.
5:24 of 2nd period - Deflect By Adam Cracknell.
5:24 of 2nd period - Shot Misses the Net.
5:24 of 2nd period - Puck is out of play.
5:25 of 2nd period - John Albert wins face-off versus Adam Cracknell in Griffins zone.
5:41 of 2nd period - Jamie Tardif is hit by Tyler Eckford and loses puck.
6:37 of 2nd period - Slapshot by Douglas Murray.
6:37 of 2nd period - Shot Blocked by Mike Blunden.
7:01 of 2nd period - Jyrki Jokipakka is hit by Douglas Murray and loses puck.
7:47 of 2nd period - Brody Sutter is hit by Mitchell Heard.
8:41 of 2nd period - Wade Megan is hit by Paul Thompson and loses puck.
9:29 of 2nd period - Mike Blunden is hit by Ben Eager and loses puck.
10:47 of 2nd period - Marcel Noebels is hit by Derek Meech and loses puck.
11:16 of 2nd period - Wrist shot by Stephane Veilleux.
11:16 of 2nd period - Stopped by Johan Gustafsson without a rebound.
11:17 of 2nd period - Wade Megan wins face-off versus Zenon Konopka in Admirals NSH zone.
11:22 of 2nd period - Alexey Marchenko is hit by Douglas Murray and loses puck.
11:37 of 2nd period - Alexey Marchenko is hit by Mitchell Heard and loses puck.
11:52 of 2nd period - Icing by Daniel New.
11:53 of 2nd period - Adam Cracknell wins face-off versus Matt Marquardt in Griffins zone.
12:32 of 2nd period - Snap shot by John Albert.
12:32 of 2nd period - Shot Misses the Net.
12:40 of 2nd period - Snap shot by Mike Angelidis.
12:40 of 2nd period - Stopped by Johan Gustafsson with a rebound.
13:12 of 2nd period - Mark Mancari is hit by Nikita Nesterov and loses puck.
13:26 of 2nd period - Frazer McLaren is hit by Mark Mancari and loses puck.
14:34 of 2nd period - Wrist shot by Matt Fraser.
14:34 of 2nd period - Goal by Matt Fraser - Griffins : 1 - Admirals NSH : 1.
14:35 of 2nd period - John Albert wins face-off versus Adam Cracknell in neutral zone.
14:51 of 2nd period - Wrist shot by Mike Angelidis.
14:51 of 2nd period - Stopped by Johan Gustafsson with a rebound.
15:29 of 2nd period - Snap shot by Zenon Konopka.
15:29 of 2nd period - Stopped by Johan Gustafsson with a rebound.
15:31 of 2nd period - Snap shot by Stephane Veilleux.
15:31 of 2nd period - Stopped by Johan Gustafsson without a rebound.
15:32 of 2nd period - John Albert wins face-off versus Brody Sutter in Admirals NSH zone.
15:38 of 2nd period - Minor Penalty to Brody Sutter for Elbowing.
15:39 of 2nd period - Wade Megan wins face-off versus John Albert in Admirals NSH zone.
16:35 of 2nd period - Slapshot by Mark Mancari.
16:35 of 2nd period - Stopped by Johan Gustafsson with a rebound.
16:37 of 2nd period - Snap shot by John Albert.
16:37 of 2nd period - Stopped by Johan Gustafsson with a rebound.
17:38 of 2nd period - Penalty to Brody Sutter is over, Brody Sutter is back on ice.
17:56 of 2nd period - Pierre-Cedric Labrie beats up Matt Marquardt.
17:56 of 2nd period - Penalty to Pierre-Cedric Labrie for Fighting.
17:56 of 2nd period - Penalty to Matt Marquardt for Fighting.
17:57 of 2nd period - Paul Thompson wins face-off versus Wade Megan in Admirals NSH zone.
18:00 of 2nd period - Wrist shot by John McFarland.
18:00 of 2nd period - Stopped by Johan Gustafsson with a rebound.
18:24 of 2nd period - Daniel New is hit by Nikita Nesterov and loses puck.
18:56 of 2nd period - Icing by Mike Angelidis.
18:57 of 2nd period - Brody Sutter wins face-off versus John Albert in Griffins zone.
19:44 of 2nd period - Wrist shot by Stephane Veilleux.
19:44 of 2nd period - Shot Blocked by Jyrki Jokipakka.
19:46 of 2nd period - Snap shot by Ben Eager.
19:46 of 2nd period - Shot Misses the Net.
Goals for this period are 0 for Griffins vs 1 for Admirals NSH.
Shots for this period are 9 for Griffins vs 7 for Admirals NSH.

3rd period


0:01 of 3rd period - Corey Tropp wins face-off versus Zenon Konopka in neutral zone.
0:33 of 3rd period - Snap shot by Corey Tropp.
0:33 of 3rd period - Shot Blocked by Douglas Murray.
0:53 of 3rd period - Jyrki Jokipakka is hit by Douglas Murray and loses puck.
1:14 of 3rd period - Wrist shot by Frazer McLaren.
1:14 of 3rd period - Shot Misses the Net.
1:16 of 3rd period - Slapshot by Frazer McLaren.
1:16 of 3rd period - Shot Misses the Net.
1:18 of 3rd period - Snap shot by Matt Fraser.
1:18 of 3rd period - Shot Misses the Net.
2:19 of 3rd period - Snap shot by Adam Cracknell.
2:19 of 3rd period - Stopped by Jeff Deslauriers with a rebound.
2:29 of 3rd period - Cameron Schilling is hit by Ben Eager.
3:23 of 3rd period - Wrist shot by Wade Megan.
3:23 of 3rd period - Shot Misses the Net.
3:39 of 3rd period - Fredrik Claesson is hit by Mitchell Heard and loses puck.
3:59 of 3rd period - Icing by Derek Meech.
4:00 of 3rd period - Brody Sutter wins face-off versus Matt Marquardt in Griffins zone.
4:07 of 3rd period - Slapshot by Matt Fraser.
4:07 of 3rd period - Shot Misses the Net.
4:09 of 3rd period - Snap shot by Brody Sutter.
4:09 of 3rd period - Shot Misses the Net.
5:45 of 3rd period - Wrist shot by Zenon Konopka.
5:45 of 3rd period - Stopped by Johan Gustafsson with a rebound.
6:07 of 3rd period - Pierre-Cedric Labrie is hit by Mike Angelidis and loses puck.
6:48 of 3rd period - Snap shot by Mark Mancari.
6:48 of 3rd period - Stopped by Johan Gustafsson with a rebound.
7:13 of 3rd period - Snap shot by Jamie Tardif.
7:13 of 3rd period - Stopped by Jeff Deslauriers without a rebound.
7:14 of 3rd period - Wade Megan wins face-off versus Matt Marquardt in Griffins zone.
7:31 of 3rd period - Patrick Mullen is hit by Mitchell Heard and loses puck.
8:12 of 3rd period - Jamie Tardif is hit by John Albert and loses puck.
8:28 of 3rd period - Minor Penalty to David Musil for Interference.
8:29 of 3rd period - Zenon Konopka wins face-off versus Brody Sutter in Griffins zone.
9:55 of 3rd period - Jamie Tardif is hit by Ben Eager and loses puck.
10:28 of 3rd period - Penalty to David Musil is over, David Musil is back on ice.
10:43 of 3rd period - Jamie Tardif is hit by Adam Clendening and loses puck.
11:12 of 3rd period - Backhand shot by Mike Blunden.
11:12 of 3rd period - Shot Misses the Net.
11:44 of 3rd period - Snap shot by Mark Mancari.
11:44 of 3rd period - Shot Misses the Net.
12:07 of 3rd period - Snap shot by Adam Cracknell.
12:07 of 3rd period - Shot Misses the Net.
12:43 of 3rd period - Snap shot by Corey Tropp.
12:43 of 3rd period - Stopped by Jeff Deslauriers with a rebound.
12:49 of 3rd period - Snap shot by Frazer McLaren.
12:49 of 3rd period - Stopped by Jeff Deslauriers with a rebound.
12:53 of 3rd period - Slapshot by Frazer McLaren.
12:53 of 3rd period - Shot Blocked by David Musil.
13:05 of 3rd period - Wrist shot by Adam Cracknell.
13:05 of 3rd period - Shot Hit the Post.
13:07 of 3rd period - Wrist shot by Marcel Noebels.
13:07 of 3rd period - Shot Misses the Net.
13:09 of 3rd period - Snap shot by Marcel Noebels.
13:09 of 3rd period - Stopped by Jeff Deslauriers with a rebound.
13:11 of 3rd period - Slapshot by Marcel Noebels.
13:11 of 3rd period - Shot Misses the Net.
13:13 of 3rd period - Snap shot by Marcel Noebels.
13:13 of 3rd period - Shot Misses the Net.
13:55 of 3rd period - Off-side.
13:56 of 3rd period - Marcel Noebels wins face-off versus John Albert in neutral zone.
14:27 of 3rd period - Brad Hunt is hit by Adam Cracknell and loses puck.
14:58 of 3rd period - Wrist shot by John McFarland.
14:58 of 3rd period - Shot Misses the Net.
15:15 of 3rd period - Jamie Tardif is hit by Daniel New and loses puck.
15:38 of 3rd period - Slapshot by Ben Eager.
15:38 of 3rd period - Stopped by Johan Gustafsson with a rebound.
15:40 of 3rd period - Snap shot by Zenon Konopka.
15:40 of 3rd period - Stopped by Johan Gustafsson with a rebound.
15:42 of 3rd period - Slapshot by Douglas Murray.
15:42 of 3rd period - Shot Misses the Net.
15:44 of 3rd period - Slapshot by Douglas Murray.
15:44 of 3rd period - Stopped by Johan Gustafsson without a rebound.
15:45 of 3rd period - Zenon Konopka wins face-off versus Adam Cracknell in Admirals NSH zone.
16:19 of 3rd period - Snap shot by Mike Angelidis.
16:19 of 3rd period - Shot Blocked by Matt Fraser.
16:23 of 3rd period - Slapshot by Brad Hunt.
16:23 of 3rd period - Stopped by Johan Gustafsson with a rebound.
16:25 of 3rd period - Slapshot by Brad Hunt.
16:25 of 3rd period - Deflect By Matt Fraser.
16:25 of 3rd period - Stopped by Johan Gustafsson without a rebound.
16:26 of 3rd period - Matt Marquardt wins face-off versus Mike Blunden in Admirals NSH zone.
16:59 of 3rd period - Brody Sutter is hit by John Albert and loses puck.
18:15 of 3rd period - Slapshot by Wade Megan.
18:15 of 3rd period - Shot Blocked by Douglas Murray.
18:25 of 3rd period - Alexey Marchenko is hit by Douglas Murray and loses puck.
18:44 of 3rd period - Mark Mancari is hit by Matt Fraser and loses puck.
19:07 of 3rd period - John Albert is hit by Pierre-Cedric Labrie and loses puck.
Goals for this period are 0 for Griffins vs 0 for Admirals NSH.
Shots for this period are 7 for Griffins vs 5 for Admirals NSH.

Overtime #1


0:01 of 1st overtime period - Adam Cracknell wins face-off versus Zenon Konopka in neutral zone.
0:58 of 1st overtime period - Mike Blunden is hit by Douglas Murray and loses puck.
1:51 of 1st overtime period - Derek Meech is hit by Patrick Mullen.
3:04 of 1st overtime period - Brody Sutter is hit by Stephane Veilleux and loses puck.
3:19 of 1st overtime period - John McFarland is hit by Brody Sutter and loses puck.
3:28 of 1st overtime period - Slapshot by Adam Clendening.
3:28 of 1st overtime period - Stopped by Johan Gustafsson with a rebound.
4:42 of 1st overtime period - John McFarland is hit by Wade Megan and loses puck.
Goals for this period are 0 for Griffins vs 0 for Admirals NSH.
Shots for this period are 1 for Griffins vs 0 for Admirals NSH.

ShootOut


5:00 of 1st overtime period - Penalty Shot by Zenon Konopka for Griffins.
5:00 of 1st overtime period - Wrist shot by Zenon Konopka.
5:00 of 1st overtime period - Shot Misses the Net.
5:00 of 1st overtime period - Penalty Shot by Mike Blunden for Admirals NSH.
5:00 of 1st overtime period - Deke by Mike Blunden.
5:00 of 1st overtime period - Goal by Mike Blunden.
5:00 of 1st overtime period - Penalty Shot by Stephane Veilleux for Griffins.
5:00 of 1st overtime period - Backhand shot by Stephane Veilleux.
5:00 of 1st overtime period - Stopped by Johan Gustafsson.
5:00 of 1st overtime period - Penalty Shot by Adam Cracknell for Admirals NSH.
5:00 of 1st overtime period - Deke by Adam Cracknell.
5:00 of 1st overtime period - Stopped by Jeff Deslauriers.
5:00 of 1st overtime period - Penalty Shot by John Albert for Griffins.
5:00 of 1st overtime period - Snap shot by John Albert.
5:00 of 1st overtime period - Goal by John Albert.
5:00 of 1st overtime period - Penalty Shot by Corey Tropp for Admirals NSH.
5:00 of 1st overtime period - Deke by Corey Tropp.
5:00 of 1st overtime period - Shot Misses the Net.
5:00 of 1st overtime period - Penalty Shot by Ben Eager for Griffins.
5:00 of 1st overtime period - Wrist shot by Ben Eager.
5:00 of 1st overtime period - Stopped by Johan Gustafsson.
5:00 of 1st overtime period - Penalty Shot by Brody Sutter for Admirals NSH.
5:00 of 1st overtime period - Snap shot by Brody Sutter.
5:00 of 1st overtime period - Stopped by Jeff Deslauriers.
5:00 of 1st overtime period - Penalty Shot by Mark Mancari for Griffins.
5:00 of 1st overtime period - Backhand shot by Mark Mancari.
5:00 of 1st overtime period - Goal by Mark Mancari.
5:00 of 1st overtime period - Penalty Shot by Frazer McLaren for Admirals NSH.
5:00 of 1st overtime period - Snap shot by Frazer McLaren.
5:00 of 1st overtime period - Stopped by Jeff Deslauriers.


Output by the SimonT Hockey Simulator (STHS) for Eric Dolegowski -- Original Page W3C XHTML 1.0 Valid
Hockey Simulator - Hockey Simulation - Hockey Manager